 Dungeon Crawl Stone Soup version 0.28.0-49-g6dfe1f597d (webtiles) character file.

Game seed: 677328784039420836

69 ZappyNine the Sneak (level 4, -6/34 HPs)
             Began as a Vampire Brigand on May 18, 2022.
             Mangled by a gnoll
             ... wielding a +0 flail
              (8 damage)
             ... on level 3 of the Dungeon.
             The game lasted 00:02:06 (1745 turns).

ZappyNine the Sneak (Vampire Brigand)               Turns: 1745, Time: 00:02:06

Health: -6/34      AC:  3    Str: 10    XL:     4   Next: 2%
Magic:  4/4        EV: 12    Int: 13    God:
Gold:   104        SH:  0    Dex: 17    Spells: 3/3 levels left

rFire   . . .      SeeInvis +   a - +2 dagger
rCold   . . .      Faith    .   (no shield)
rNeg    . . .      Spirit   .   b - +0 robe
rPois   .          Reflect  .   (no helmet)
rElec   .          Harm     .   c - +0 cloak
rCorr   .          Rampage  .   (no gloves)
Will    .....                   (no boots)
Stlth   ++++......              (no amulet)
HPRegen 0.31/turn               (no ring)
MPRegen 0.09/turn               (no ring)

@: healing quickly
A: alive, fangs 3, see invisible, vampiric 2
a: Exsanguinate


You were on level 3 of the Dungeon.
You visited 1 branch of the dungeon, and saw 3 of its levels.

You collected 104 gold pieces.

Inventory:

Hand Weapons
 a - a +2 dagger (weapon)
Missiles
 d - 8 poisoned darts (quivered)
 e - 2 curare-tipped darts
Armour
 b - a +0 robe (worn)
 c - a +0 cloak (worn)
Scrolls
 f - a scroll of summoning {unknown}
 i - a scroll of holy word {unknown}
 j - 4 scrolls of amnesia {unknown}
 l - a scroll of enchant armour {unknown}
Potions
 g - a potion of curing {unknown}
 h - a potion of haste {unknown}
 k - 2 potions of might {unknown}
 m - a potion of degeneration {unknown}
 n - a potion of mutation {unknown}


   Skills:
 + Level 2.3 Fighting
 + Level 2.9 Short Blades
 - Level 1.5 Throwing
 + Level 2.1 Dodging
 * Level 7.0 Stealth


You had 3 spell levels left.
You didn't know any spells.
Your spell library contained the following spells:

 Spells                   Type           Power      Damage    Failure   Level
 Blink                    Tloc           0%         N/A       43%         2
 Manifold Assault         Tloc           0%         N/A       100%        5
 Storm Form               Tmut/Air       0%         N/A       100%        7


Dungeon Overview and Level Annotations

Branches:
Dungeon (3/15)

Altars:

Shops:
D:1 [[?


Innate Abilities, Weirdness & Mutations

Your natural rate of healing is accelerated.
You have razor-sharp teeth.
You have supernaturally acute eyesight. (SInv)
You are afflicted with vampirism and can become a bat while bloodless.


Message History

The bat misses you. The gnoll hits you with a +0 halberd.
The gnoll completely misses you.
You closely miss the gnoll.
The gnoll is severely wounded.
The bat misses you. The gnoll hits you with a +0 halberd.
The gnoll closely misses you.
You are too injured to fight recklessly!
You are too injured to fight recklessly!
You are too injured to fight recklessly!
You are too injured to fight recklessly!
You are too injured to fight recklessly!
You are too injured to fight recklessly!
You are too injured to fight recklessly!
You are too injured to fight recklessly!
You are too injured to fight recklessly!
You are too injured to fight recklessly!
You are too injured to fight recklessly!
You are too injured to fight recklessly!
You are too injured to fight recklessly!
You are too injured to fight recklessly!
You are too injured to fight recklessly!
You are too injured to fight recklessly!
You are too injured to fight recklessly!
Unknown command.
The bat barely misses you.
The gnoll hits you from afar with a +0 halberd.
* * * LOW HITPOINT WARNING * * *
The gnoll hits you from afar with a +1 halberd of venom.
* * * LOW HITPOINT WARNING * * *
The bat hits you.
* * * LOW HITPOINT WARNING * * *
The gnoll shaman calls upon its god to heal the gnoll.
The gnoll is healed somewhat.
The bat hits you but does no damage. x2
The gnoll shaman calls upon its god to heal the gnoll.
The gnoll's wounds heal themselves!
There is a stone staircase leading up here.
The bat barely misses you. The bat misses you.
The gnoll hits you with a +0 flail!
You die...

........# .........
#.......#
#...<...#.##
#.......#..#
#......!##)##
#.......##..#
.......@.g..#
#......gbg..#######
........g..........
...............$.PP
#..............PPP.
.).....###.......P.
....... ##........
....... #........
...... #......P.


You could see a gnoll shaman, 3 gnolls and a bat.

Vanquished Creatures
  An adder (D:2)
  A worm (D:2)
  3 dart slugs
  5 ball pythons
  6 endoplasms
  9 goblins
  4 hobgoblins (D:1)
  3 jackals (D:1)
  2 quokkas (D:2)
  3 bats
  A frilled lizard (D:1)
  6 kobolds
  A bush (D:2)
45 creatures vanquished.

Vanquished Creatures (others)
  A bush (D:2)
  A plant (D:2)
2 creatures vanquished.

Grand Total: 47 creatures vanquished

Notes
Turn   | Place    | Note
-------+----------+-------------------------------------------
     0 | D:1      | ZappyNine the Vampire Brigand began the quest for the Orb.
     0 | D:1      | Reached XP level 1. HP: 16/16 MP: 1/1
    43 | D:1      | Reached skill level 6 in Stealth
   102 | D:1      | Reached XP level 2. HP: 22/22 MP: 2/2
   116 | D:1      | Found Tulyev's Armour Shop.
   195 | D:1      | Found a faded altar of an unknown god.
   325 | D:1      | Found Davixkug's Magic Scroll Shop.
   383 | D:1      | Gained mutation: You are afflicted with vampirism and can
                  | become a bat while bloodless. [Vampire growth]
   383 | D:1      | Reached XP level 3. HP: 27/27 MP: 3/3
   517 | D:1      | Found Nalaonid's Antique Armour Shop.
  1396 | D:2      | Reached skill level 7 in Stealth
  1624 | D:2      | Reached XP level 4. HP: 34/34 MP: 4/4
  1742 | D:3      | HP: 1/34 [bat (1)]
  1745 | D:3      | Mangled by a gnoll

Illustrated notes

Levels and vault maps discovered:
D:1:      dpeg_arrival_castle, layout_rooms, serial_shops, shop,
          nicolae_lakefront_shop, shop, nicolae_ecumenical_lake_church,
          minivault_5
D:2:      layout_rooms, serial_forest, infiniplex_forest_end_1,
          infiniplex_forest_split, infiniplex_forest_lined_1,
          infiniplex_forest_lined_4_way, infiniplex_forest_lined_ring,
          infiniplex_forest_clump_small, infiniplex_forest_lined_3
D:3:      layout_rooms, chequers_temple_overflow_statue_of_worship,
          lemuel_coloured_pillars_altar, nicolae_grassy_gnolls

Skill      XL: |  1  2  3 |
---------------+----------+-----
Stealth        | 6 7 |  7.0
Fighting       | 2 |  2.3
Dodging        | 2 |  2.1
Short Blades   | |  2.9
Throwing       | |  1.5

Action                   |  1- 3 |  4- 6 || total
-------------------------+-------+-------++-------
Melee: Dagger            |   205 |    17 ||   222
       Bite              |    35 |     4 ||    39
       Punch             |     5 |       ||     5
 Stab: Sleeping          |    11 |       ||    11
       Distracted        |     1 |       ||     1
Armor: Robe              |    17 |     3 ||    20
Dodge: Dodged            |    45 |    18 ||    63
